 Dungeon Crawl Stone Soup version 0.32-a0-616-g9348d4545b (webtiles) character file.

Game seed: 18299280392530982349

77 horus123 the Chopper (level 4, -1/33 HPs)
             Began as a Demonspawn Gladiator on Mar 4, 2024.
             Slain by a gnoll
             ... wielding a +0 flail
              (10 damage)
             ... on level 2 of the Dungeon on Mar 6, 2024.
             The game lasted 00:03:27 (1197 turns).

horus123 the Chopper (Demonspawn Gladiator)         Turns: 1197, Time: 00:03:27

Health: -1/33      AC:  6    Str: 16    XL:     4   Next: 13%
Magic:  4/4        EV: 14    Int:  8    God:
Gold:   128        SH:  0    Dex: 15    Spells: 3/3 levels left

rFire   . . .        a - +0 war axe
rCold   . . .        (no shield)
rNeg    . . .        b - +0 leather armour
rPois   .            c - +0 helmet
rElec   .            (no cloak)
rCorr   .            l - +0 pair of gloves
SInv    .            f - +0 pair of boots
Will    .....        (no amulet)
Stlth   +            (no ring)
HPRegen 0.25/turn    (no ring)
MPRegen 0.09/turn

%: no passive effects
@: no status effects
A: repulsion field 1, weakness stinger 2
a: no special abilities


You were on level 2 of the Dungeon.
You visited 1 branch of the dungeon, and saw 2 of its levels.

You collected 128 gold pieces.

Inventory:

Hand Weapons
 a - a +0 war axe (weapon)
Missiles
 d - 3 throwing nets (quivered)
 e - a javelin
Armour
 b - a +0 leather armour (worn)
 c - a +0 helmet (worn)
 f - a +0 pair of boots (worn)
 l - a +0 pair of gloves (worn)
Jewellery
 q - a ring of magical power
Scrolls
 g - a scroll of poison {unknown}
 i - a scroll of noise {unknown}
 j - 3 scrolls of identify {unknown}
 m - a scroll of enchant armour {unknown}
 n - a scroll of enchant weapon {unknown}
 o - a scroll of fog {unknown}
 r - a scroll of teleportation {unknown}
Potions
 h - 3 potions of lignification {unknown}
 k - 2 potions of enlightenment {unknown}
 p - a potion of brilliance {unknown}
 s - a potion of haste {unknown}
 t - a potion of ambrosia {unknown}
 u - a potion of degeneration {unknown}
 v - a potion of heal wounds {unknown}


   Skills:
 - Level 2.0 Fighting
 + Level 4.5 Axes
 - Level 1.7 Throwing
 - Level 2.6 Dodging


You had 3 spell levels left.
You didn't know any spells.
Your spell library contained the following spells:

 Spells                   Type           Power      Damage    Failure   Level
 Gell's Gravitas          Tloc           0%         N/A       85%         3
 Teleport Other           Tloc           0%         N/A       85%         3
 Summon Forest            Summ/Tloc      0%         N/A       100%        5
 Summon Mana Viper        Hex/Summ       0%         N/A       100%        5
 Dispersal                Tloc           0%         N/A       100%        6
 Summon Cactus Giant      Summ           0%         N/A       100%        6


Dungeon Overview and Level Annotations

Branches:
Dungeon (2/15)

Altars:

Annotations:
D:2 Natasha


Innate Abilities, Weirdness & Mutations

You are surrounded by a mild repulsion field. (EV +2)
You have a tail ending in a sharp stinger.


Message History

The hobgoblin is heavily wounded.
The hobgoblin completely misses you. The hobgoblin hits you.
You hit the hobgoblin.
You kill the hobgoblin!
No target in view!
No target in view!
v - an inky potion
There is a stone staircase leading down here.
You now have 114 gold pieces (gained 7).
j - 3 scrolls labelled CEATTE ROUTOO (gained 1)
You now have 128 gold pieces (gained 14).
h - 3 red potions (gained 1) 2 gnolls come into view.
A gnoll is wielding a +0 club and quivering 2 throwing nets.
There are monsters nearby!
The gnoll shouts! x2
The gnoll throws a throwing net.
The throwing net barely misses you.
A gnoll comes into view. It is wielding a +0 flail.
You hear a shout!
A gnoll comes into view. It is wielding a +0 halberd.
The gnoll shouts! x2
Found a stone staircase leading up.
Natasha, Servant of Life and Death comes into view.
The gnoll hits you with a +0 flail!
You slash the gnoll!
The gnoll is severely wounded.
You slash the gnoll!
The gnoll throws a throwing net.
The throwing net hits you.
You become entangled in the net!
The gnoll hits you with a +0 flail!
Unknown command.
You struggle against the net.
The gnoll closely misses you. The gnoll hits you with a +0 flail!
* * * LOW HITPOINT WARNING * * *
The gnoll hits you but does no damage.
You tear a large gash into the net.
Natasha casts a spell.
The gnoll barely misses you. x2; The gnoll closely misses you.
You rip the net and break free!
The gnoll completely misses you. The gnoll closely misses you.
The gnoll hits you with a +0 flail!
You die...

#....# #.##.##.... ####
#....# #....##.... ....
#....# #.#.......
#...#....# ##.##......
#..#....# #.......##>
#.....(####.#.###..#.
##.##.........###....
#..#........#....#.#
##g@g.....#.........
#..g...#.#...######.
#gh#...#....####....
........# ...........
......................
....##.......##.........
.... #.....##...........
... #. <... .######....
#....


You could see Natasha and 4 gnolls.

Vanquished Creatures
  Natasha (D:2)
  An adder (D:2)
  A dart slug (D:2)
  2 ball pythons
  4 bats
  An endoplasm (D:1)
  A giant cockroach (D:1)
  6 goblins
  4 hobgoblins
  5 kobolds
  3 quokkas (D:2)
  3 frilled lizards
  7 rats
39 creatures vanquished.

Notes
Turn   | Place    | Note
-------+----------+-------------------------------------------
     0 | D:1      | horus123 the Demonspawn Gladiator began the quest for the
                  | Orb.
     0 | D:1      | Reached XP level 1. HP: 16/16 MP: 1/1
    88 | D:1      | Reached skill level 3 in Axes
   145 | D:1      | Gained mutation: You have a small tail. [demonic ancestry]
   145 | D:1      | Reached XP level 2. HP: 22/22 MP: 2/2
   489 | D:1      | Upgraded the game from 0.32-a0-612-g1c984fe9d1 to
                  | 0.32-a0-616-g9348d4545b
   857 | D:2      | Reached skill level 4 in Axes
   857 | D:2      | Gained mutation: You have a tail ending in a sharp stinger.
                  | [demonic ancestry]
   857 | D:2      | Reached XP level 3. HP: 25/27 MP: 3/3
  1000 | D:2      | Noticed Natasha
  1006 | D:2      | Killed Natasha
  1007 | D:2      | Gained mutation: You are surrounded by a mild repulsion
                  | field. (EV +2) [demonic ancestry]
  1007 | D:2      | Reached XP level 4. HP: 7/33 MP: 4/4
  1193 | D:2      | Noticed Natasha
  1197 | D:2      | Slain by a gnoll

Illustrated notes

Levels and vault maps discovered:
D:1:      dpeg_arrival_fog, layout_loops_ring,
          nicolae_concentric_dashed_squares_wild, moated_statue,
          hangedman_decor_points
D:2:      layout_rooms, uniq_natasha

Skill      XL: |  1  2 |
---------------+-------+-----
Axes           | 3 4 |  4.5
Fighting       | |  2.0
Throwing       | |  1.7
Dodging        | |  2.6

Action                     |  1- 3 |  4- 6 || total
---------------------------+-------+-------++-------
  Melee: War axe           |    82 |    13 ||    95
         Tailslap          |     6 |       ||     6
 Armour: Leather armour    |    55 |     8 ||    63
  Dodge: Dodged            |    68 |    17 ||    85

Table legend: (Time is in decaauts)
 A = Elapsed time spent in this place.
 B = Non-inter-level travel time spent in this place.
 C = Inter-level travel time spent in this place.
 D = Time resting spent in this place.
 E = Time spent auto-exploring this place.
 F = Levels seen in this place.
 G = Mean time per level.
                   A        B        C        D        E       F      G
               +--------+--------+--------+--------+--------+-----+--------+
         Total |   1227 |   1202 |     25 |     95 |    821 |   2 |  613.5 |
       Dungeon |   1227 |   1202 |     25 |     95 |    821 |   2 |  613.5 |
               +--------+--------+--------+--------+--------+-----+--------+

Top non-repeatable levels by time:
     D:1: 851 daAuts
     D:2: 375 daAuts
